General information
			
			
        
        - name: HighUpInTheSKY
 
        - type: Custom game
 
        - host: HighUpInTheSKY
 
        - saver: TIMG4STRok
 
        
map: TerenasStand 
        - players: 2
 
        - length: 17:03
 
        - speed: Fast
 - version: 1.22 W3XP
 - replay type:  

 
» download(123 KB)
Players
        team 1 (winner) 
              
              
» 
HighUpInTheSKY (
pink | 108 APM | 1841 actions | 17:03)
              
 3 Demon Hunter 
 2 Mana Burn
 1 Evasion
 4 Beastmaster 
 2 Summon Quilbeast
 2 Summon Hawk
 
                » actions 
                
                | Assign group hotkey | 27 |  | 
| Basic commands | 19 |  | 
| Build / train | 49 |  | 
| ESC pressed | 7 |  | 
| Enter build submenu | 35 |  | 
| Enter hero's abilities submenu | 8 |  | 
| Give item / drop item | 3 |  | 
| Right click | 767 |  | 
| Select / deselect | 415 |  | 
| Select group hotkey | 411 |  | 
| Use ability | 100 |  | 
                1841 total
 » units 
                
                | Wisp | 18 |  | 
| Huntress | 1 |  | 
| Dryad | 4 |  | 
| Druid of the Claw | 6 |  | 
                29 total
 » upgrades
                
                | Druid of the Claw Training | 2 |  | 
| Abolish Magic | 1 |  | 
| Ultravision | 1 |  | 
| Strength of the Wild | 1 |  | 
| Reinforced Hides | 1 |  | 
                6 total
 » buildings
                
                | Altar of Elders | 1 |  | 
| Moon Well | 17 |  | 
| Hunter's Hall | 1 |  | 
| Ancient of War | 2 |  | 
| Tree of Ages | 1 |  | 
| Ancient of Lore | 5 |  | 
| Ancient of Wonders | 2 |  | 
| Tree of Eternity | 1 |  | 
                30 total
 » build order
                00:12 Altar of Elders
00:19 Moon Well
01:30 Hunter's Hall
01:55 Ancient of War
02:09 Moon Well
02:11 Moon Well
02:48 Tree of Ages
02:51 Moon Well
03:14 Moon Well
03:23 Moon Well
03:55 Moon Well
04:05 Moon Well
04:07 Ancient of War
04:18 Moon Well
04:22 Moon Well
04:34 Moon Well
05:17 Ancient of Lore
05:22 Ancient of Lore
05:24 Ancient of Lore
07:12 Ancient of Wonders
07:52 Tree of Eternity
08:52 Moon Well
08:54 Moon Well
12:01 Moon Well
12:29 Ancient of Lore
13:30 Moon Well
13:33 Moon Well
13:34 Moon Well
13:38 Ancient of Lore
14:33 Ancient of Wonders
» items
                
                | Boots of Speed | 1 |  | 
| Scroll of Town Portal | 2 |  | 
                3 total
  
               team 2 (loser) 
              
              
TIMG4STRok (
gray | 233 APM | 3977 actions | 17:03)
              
 2 Blademaster 
 1 Wind Walk
 1 Critical Strike
 2 Shadow Hunter 
 1 Hex
 1 Healing Wave
 
                » actions 
                
                | Assign group hotkey | 33 |  | 
| Basic commands | 88 |  | 
| Build / train | 55 |  | 
| ESC pressed | 6 |  | 
| Enter build submenu | 17 |  | 
| Enter hero's abilities submenu | 4 |  | 
| Give item / drop item | 2 |  | 
| Right click | 1793 |  | 
| Select / deselect | 390 |  | 
| Select group hotkey | 1501 |  | 
| Use ability | 88 |  | 
                3977 total
 » units 
                
                | Peon | 7 |  | 
| Grunt | 7 |  | 
| Raider | 10 |  | 
| Spirit Walker | 3 |  | 
| Demolisher | 4 |  | 
| Kodo Beast | 1 |  | 
                32 total
 » upgrades
                
                | Berserker Strength | 1 |  | 
| Pillage | 1 |  | 
| Ensnare | 1 |  | 
| Spirit Walker Training | 1 |  | 
| Armor | 1 |  | 
                5 total
 » buildings
                
                | Altar of Storms | 1 |  | 
| Orc Burrow | 5 |  | 
| Barracks | 2 |  | 
| Voodoo Lounge | 1 |  | 
| Stronghold | 1 |  | 
| Beastiary | 3 |  | 
| Spirit Lodge | 1 |  | 
| War Mill | 1 |  | 
| Great Hall | 1 |  | 
                16 total
 » build order
                00:10 Altar of Storms
00:19 Orc Burrow
00:47 Barracks
01:34 Orc Burrow
02:32 Voodoo Lounge
03:04 Stronghold
04:20 Orc Burrow
05:33 Beastiary
05:59 Beastiary
07:03 Beastiary
07:05 Barracks
07:06 Spirit Lodge
07:17 Orc Burrow
08:05 Orc Burrow
08:25 War Mill
15:56 Great Hall
» items
                
                | Healing Salve | 3 |  | 
| Lesser Clarity Potion | 4 |  | 
| Scroll of Speed | 1 |  | 
| Potion of Healing | 1 |  | 
| Scroll of Town Portal | 1 |  | 
| Scroll of Healing | 1 |  | 
                11 total
  
                Chat log
          (00:05 / All) TIMG4STRok: please not undead i aint even kididng about that
(00:06 / All) TIMG4STRok: gg gl
(00:14 / All) HighUpInTheSKY: hf
(00:23 / All) HighUpInTheSKY: got the worst possible for me
(00:28 / All) HighUpInTheSKY: dont know what to do at all
(00:30 / All) HighUpInTheSKY: lol
(00:31 / All) TIMG4STRok: hope its not ud
(00:34 / All) HighUpInTheSKY: its not
(00:39 / All) HighUpInTheSKY: i was UD player for a bit
(00:42 / All) TIMG4STRok: ugh
(00:46 / All) HighUpInTheSKY: so i know what to do
(00:52 / All) TIMG4STRok: is it orc
(00:58 / All) HighUpInTheSKY: nah im good at mirror orc
(01:01 / All) TIMG4STRok: orc used to be my worst race but i think they're my best now
(01:02 / All) HighUpInTheSKY: its le elf :(
(01:05 / All) TIMG4STRok: damn
(01:18 / All) HighUpInTheSKY: srsly my elf is lol
(01:21 / All) TIMG4STRok: man orc v ne is such a shitty matchup for me
(01:27 / All) HighUpInTheSKY: gonna have to axslav it
(02:46 / All) TIMG4STRok: woops
(02:55 / All) HighUpInTheSKY: tt
(03:01 / All) HighUpInTheSKY: forgot moonwell :/
(03:09 / All) TIMG4STRok: ya
(03:25 / All) HighUpInTheSKY: weak..
(08:23 / All) TIMG4STRok: dryads are the gayest shit
(08:28 / All) HighUpInTheSKY: lol
(08:32 / All) HighUpInTheSKY: agreed
(17:02 / All) TIMG4STRok: gg